 Dungeon Crawl Stone Soup version 0.28-b1-25-g9875b3f (webtiles) character file.

Game seed: 10274891872251234358

9742 Host24 the Sharpshooter (level 11, -2/67 HPs)
             Began as a Kobold Hunter on Jan 31, 2022.
             Was a High Priest of Okawaru.
             Slain by a blink frog (12 damage)
             ... on level 2 of the Lair of Beasts.
             The game lasted 01:02:16 (21167 turns).

Host24 the Sharpshooter (Kobold Hunter)            Turns: 21167, Time: 01:02:16

Health: -2/67      AC:  9    Str: 11    XL:     11   Next: 80%
Magic:  15/16      EV: 24    Int: 13    God:    Okawaru [*****.]
Gold:   556        SH:  0    Dex: 18    Spells: 10/10 levels left

rFire   . . .      SeeInvis +   a - +1 hand crossbow
rCold   . . .      Faith    +   (no shield)
rNeg    . . .      Spirit   .   M - +0 steam dragon scales
rPois   .          Reflect  .   (no helmet)
rElec   .          Harm     .   v - +0 cloak
rCorr   .          Rampage  .   (no gloves)
Will    .....                   K - +0 pair of boots
Stlth   +++++.....              f - amulet of faith
HPRegen 0.21/turn               l - ring of flight
MPRegen 0.15/turn               y - ring of see invisible

@: heroic, flying, studying Staves
A: small, no large weapons, nightstalker 3
a: Renounce Religion, Heroism, Finesse, Duel


You were on level 2 of the Lair of Beasts.
You worshipped Okawaru.
Okawaru was extremely pleased with you.
You visited 2 branches of the dungeon, and saw 10 of its levels.
You also visited: Ossuary.

You collected 556 gold pieces.

Inventory:

Hand Weapons
 a - a +1 hand crossbow (weapon)
 g - a +3 rapier
 s - a +1 whip of venom
Missiles
 b - a curare-tipped dart
 d - 26 bolts (quivered ammo)
 i - 20 poisoned darts
 k - 12 stones
 p - 23 arrows
 w - 10 boomerangs
Armour
 c - a scarf of resistance
 t - a +1 buckler of positive energy
 v - a +0 cloak (worn)
 K - a +0 pair of boots (worn)
 M - +0 steam dragon scales (worn)
Jewellery
 f - an amulet of faith (around neck)
 l - a ring of flight (left hand)
 o - a ring of magical power
 y - a ring of see invisible (right hand)
Wands
 e - a wand of charming (5)
 H - a wand of flame (24)
Scrolls
 j - a scroll of immolation
 n - a scroll of enchant weapon {unknown}
 q - 3 scrolls of blinking
 u - a scroll of fear
 A - a scroll of fog
Potions
 h - a potion of heal wounds
 m - a potion of lignification
 r - a potion of flight
 z - 2 potions of might
 B - 3 potions of curing
 E - a potion of berserk rage
 F - a potion of haste
 J - a potion of invisibility


   Skills:
 + Level 7.4(12.4) Fighting
 - Level 15.0(20.0) Crossbows
 - Level 4.1(9.1) Armour
 - Level 9.2(14.2) Dodging
 - Level 2.1(7.1) Stealth
 - Level 7.2 Invocations


You had 10 spell levels left.
You didn't know any spells.
Your spell library was empty.

Dungeon Overview and Level Annotations

Branches:
Dungeon (8/15)             Temple (0/1) D:6            Lair (2/6) D:8
Ossuary (visited)
  Swamp: Lair:2-4    Shoals: Lair:2-4     Snake: Lair:2-4    Spider: Lair:2-4

Altars:
Ashenzari
Elyvilon
Kikubaaqudgha
Nemelex Xobeh
Okawaru
Ru
Sif Muna
Trog
Yredelemnul

Shops:
D:7 =

Annotations:
D:7 Pikel


Innate Abilities, Weirdness & Mutations

You are small and have problems with some larger weapons.
You are completely attuned to the shadows.


Message History

Okawaru grants you armour! Something appears at your feet!
You see here a +1 buckler of positive energy.
The blink frog barely misses you.
Fire: 31 bolts
Press: ? - help, Q - select action, (/) - cycle Shift-Dir - straight line, f - blink frog
Aim: a blink frog (moderately wounded, 64% to hit)
You shoot a bolt.
The bolt completely misses the blink frog.
The blink frog blinks!
Fire: 30 bolts
Press: ? - help, Q - select action, (/) - cycle Shift-Dir - straight line, f - you
Okay, then.
t - a +1 buckler of positive energy Fire: 30 bolts
Press: ? - help, Q - select action, (/) - cycle Shift-Dir - straight line, f/p - blink frog
Aim: a blink frog (moderately wounded, 64% to hit)
You shoot a bolt. The bolt misses the blink frog.
Unknown command.
Fire: 29 bolts
Press: ? - help, Q - select action, (/) - cycle Shift-Dir - straight line, f/p - blink frog
Aim: a blink frog (moderately wounded, 64% to hit)
You shoot a bolt. The bolt hits the blink frog.
The blink frog is moderately wounded.
The blink frog hits you.
* * * LOW HITPOINT WARNING * * *
The blink frog blinks!
Fire: 28 bolts
Press: ? - help, Q - select action, (/) - cycle Shift-Dir - straight line, f/p - blink frog
Aim: a blink frog (moderately wounded, 64% to hit)
You shoot a bolt.
The bolt completely misses the blink frog.
Unknown command.
Fire: 27 bolts
Press: ? - help, Q - select action, (/) - cycle Shift-Dir - straight line, f/p - blink frog
Aim: a blink frog (moderately wounded, 64% to hit)
You shoot a bolt. The bolt hits the blink frog.
The blink frog is heavily wounded.
The blink frog hits you!
You die...

##...... #.### .....
..... .... (... .....
.....(..( .....
......(... .##F.###.
#.##.#.(.. . #...####.
.....((... ..#.....##.
.(..(@F... ..h......#.
.....(.(.^ #.....#..
.(.....#.(..##.....#..
............++.....##.
............##..F...#.
............##.....##.
............####.#.##.
..#..###.....#.#..###.
......................


You could see a blink frog.

Vanquished Creatures
  2 black mambas (Lair:1)
  A cane toad (Lair:2)
  3 komodo dragons
  An unseen horror (D:8)
  4 blink frogs (Lair:2)
  Prince Ribbit (D:7)
  3 steam dragons (D:8)
  6 wyverns
  5 yaks
  Grum (D:8)
  2 basilisks (D:8)
  3 water moccasins (Lair:1)
  4 orc warriors
  A sky beast (D:5)
  A necrophage (D:6)
  An ogre (D:2)
  2 ice beasts
  8 wolves
  2 centaurs (D:8)
  3 lemures (D:7)
  8 bullfrogs
  3 kobold brigands
  3 phantoms
  A gnoll sergeant (D:8)
  A scorpion (D:7)
  A water moccasin zombie (D:5)
  A water moccasin skeleton (D:5)
  A wyvern skeleton (D:7)
  4 wights (D:7)
  A jelly (D:5)
  3 bullfrog zombies
  3 centaur zombies (D:7)
  4 hounds
  3 orc priests
  A gnoll shaman (D:7)
  2 bullfrog skeletons (D:5)
  5 iguanas
  3 orc wizards
  Natasha (thrice) (D:3)
  A killer bee zombie (D:7)
  3 mummies (Ossuary)
  2 howler monkey zombies (D:7)
  13 gnolls
  A howler monkey skeleton (D:6)
  3 adders
  A shadow imp (D:7)
  A white imp (D:7)
  An adder skeleton (D:4)
  4 adder zombies (Ossuary)
  A worm (D:4)
  3 dart slugs
  28 orcs
  9 ball pythons
  6 bats
  8 endoplasms
  2 giant cockroaches
  11 goblins
  3 hobgoblins
  3 quokkas
  4 frilled lizards
  4 goblin zombies
  2 hobgoblin zombies (Ossuary)
  28 kobolds
  4 kobold zombies (Ossuary)
  3 quokka zombies (Ossuary)
  6 rats
  3 rat zombies (Ossuary)
263 creatures vanquished.

Vanquished Creatures (others)
  A human (D:8)
  10 fungi (Lair:2)
  93 plants
104 creatures vanquished.

Grand Total: 367 creatures vanquished

Notes
Turn   | Place    | Note
-------+----------+-------------------------------------------
     0 | D:1      | Host24 the Kobold Hunter began the quest for the Orb.
     0 | D:1      | Reached XP level 1. HP: 12/12 MP: 1/1
   184 | D:1      | Reached skill level 5 in Crossbows
   492 | D:1      | Reached XP level 2. HP: 3/18 MP: 2/2
  1136 | D:1      | Found a faded altar of an unknown god.
  1588 | D:1      | Reached XP level 3. HP: 22/23 MP: 3/3
  2183 | D:2      | Noticed an ogre
  2978 | D:3      | Reached XP level 4. HP: 23/28 MP: 4/4
  3777 | D:3      | Noticed Natasha
  3783 | D:3      | Killed Natasha
  3784 | D:3      | Reached skill level 6 in Crossbows
  4120 | D:3      | Reached XP level 5. HP: 32/32 MP: 5/5
  4271 | D:3      | Noticed Natasha
  4275 | D:3      | Killed Natasha
  4756 | D:3      | Noticed Natasha
  4768 | D:3      | Killed Natasha
  4769 | D:3      | Reached skill level 7 in Crossbows
  4992 | D:4      | Reached XP level 6. HP: 15/37 MP: 6/6
  5583 | D:4      | Reached skill level 8 in Crossbows
  6239 | D:4      | Found an iron altar of Okawaru.
  6351 | D:4      | Became a worshipper of Warmaster Okawaru
  6383 | D:5      | Entered Level 5 of the Dungeon
  6435 | D:5      | Reached skill level 9 in Crossbows
  6435 | D:5      | Reached XP level 7. HP: 16/41 MP: 7/7
  6717 | D:5      | Found a sand-covered staircase.
  6738 | Ossuary  | Entered an ossuary
  7596 | D:5      | Found a bloodstained altar of Trog.
  7664 | D:5      | Reached skill level 10 in Crossbows
  7672 | D:5      | Reached skill level 1 in Invocations
  7796 | D:5      | Reached XP level 8. HP: 20/46 MP: 7/9
  8027 | D:5      | Reached * piety under Okawaru
  9212 | D:6      | Reached skill level 5 in Invocations
  9491 | D:6      | Found a staircase to the Ecumenical Temple.
 10055 | D:6      | Found a sacrificial altar of Ru.
 10133 | D:7      | Found a shimmering blue altar of Sif Muna.
 10511 | D:7      | Reached XP level 9. HP: 45/52 MP: 13/13
 10631 | D:7      | Found a basalt altar of Yredelemnul.
 10702 | D:7      | Reached skill level 5 in Fighting
 10715 | D:7      | Reached ** piety under Okawaru
 11572 | D:7      | Reached skill level 5 in Dodging
 11704 | D:7      | Found a broken altar of Ashenzari.
 11705 | D:7      | Saw a vision of the Shoals and the Snake Pit.
 11705 | D:7      | Noticed a mana viper
 11705 | D:7      | Noticed a naga mage
 11710 | D:7      | Noticed a merfolk siren
 11711 | D:7      | Noticed a merfolk siren
 11711 | D:7      | Noticed a merfolk siren
 11716 | D:7      | Noticed a merfolk
 12386 | D:7      | Found Wid Cum's Jewellery Emporium.
 12524 | D:7      | Noticed Pikel
 12949 | D:8      | Found a sparkling altar of Nemelex Xobeh.
 13267 | D:8      | Noticed a komodo dragon
 13409 | D:8      | Found an ancient bone altar of Kikubaaqudgha.
 13435 | D:8      | Noticed Grum
 13462 | D:7      | Noticed a sea snake
 13467 | D:7      | Reached *** piety under Okawaru
 13468 | D:7      | Reached skill level 1 in Armour
 13563 | D:8      | Found a white marble altar of Elyvilon.
 13587 | D:8      | Reached XP level 10. HP: 44/60 MP: 14/14
 13738 | D:7      | Received a gift from Okawaru
 14285 | D:7      | Noticed Prince Ribbit
 14293 | D:7      | Killed Prince Ribbit
 14611 | D:5      | Reached skill level 11 in Crossbows
 15036 | D:8      | Noticed a skeletal warrior
 16008 | D:8      | Killed Grum
 16009 | D:8      | Reached skill level 12 in Crossbows
 16789 | D:8      | Noticed an unseen horror
 16799 | D:8      | Killed an unseen horror
 17195 | D:8      | Reached **** piety under Okawaru
 17458 | D:8      | Reached skill level 13 in Crossbows
 17560 | D:8      | Reached XP level 11. HP: 26/64 MP: 16/16
 18417 | D:8      | Reached skill level 14 in Crossbows
 18830 | D:8      | Received a gift from Okawaru
 18848 | D:8      | Found a staircase to the Lair.
 18876 | Lair:1   | Entered Level 1 of the Lair of Beasts
 19259 | Lair:1   | Reached skill level 15 in Crossbows
 19541 | Lair:1   | You are sucked into a shaft and drop 1 floor!
 19840 | Lair:1   | Received a gift from Okawaru
 20229 | Lair:1   | Reached ***** piety under Okawaru
 21161 | Lair:2   | Received a gift from Okawaru
 21167 | Lair:2   | Slain by a blink frog

Illustrated notes

Levels and vault maps discovered:
D:1:      minmay_arrival_cross, layout_basic, ebering_ecumenical_altar_mist,
          serial_forest, infiniplex_forest_pool, infiniplex_forest_lined_2,
          infiniplex_forest_straight_3, infiniplex_forest_zigzag_2,
          infiniplex_forest_side_room, infiniplex_forest_clump_double
D:2:      layout_basic, amcnicky_mini_corridor_feature
D:3:      layout_basic, minmay_fractal_squares_gapless_5, uniq_natasha
D:4:      layout_basic, okawaru_altar_gauntlet_db
D:5:      kennysheep_kobold_camp, layout_basic, mainiacjoe_overflow_alcove_4,
          enter_ossuary_4
D:6:      layout_loops_ring, nicolae_ru_path_of_blood,
          minmay_temple_entry_slanted
D:7:      layout_loops_ring, nicolae_yredelemnul_corpse_copse,
          grunt_ashenzari_visionary [grunt_ashenzari_visionary_shoals,
          grunt_ashenzari_visionary_snake], lemuel_crystal_altar, serial_shops,
          shop, grunt_ministairs_3, uniq_pikel, uniq_prince_ribbit1
D:8:      minmay_opposing_rooms, layout_basic, tgw_kikubaaqudgha,
          mainiacjoe_overflow_small_starburst, mainiacjoe_overflow_boulevard,
          erik_lair_dragon, uniq_grum
Lair:1:   layout_cave_pods, grunt_megastairs_5
Lair:2:   layout_regular_city, guppyfry_snake_entry_garden,
          infiniplex_staircase_pool_2, uniq_urug

Skill      XL: |  1  2  3  4  5  6  7  8  9 10 11 |
---------------+----------------------------------+-----
Crossbows      | 5 6 7 9 10 13 15 | 15.0
Fighting       | 3 4 6 7 |  7.4
Dodging        | 3 8 9 |  9.2
Stealth        | 2 |  2.1
Invocations    | 1 6 7 |  7.2
Armour         | 1 3 4 |  4.1

Action                   |  1- 3 |  4- 6 |  7- 9 | 10-12 || total
-------------------------+-------+-------+-------+-------++-------
Melee: Short sword       |   109 |       |       |       ||   109
       Whip              |    20 |   161 |   372 |   166 ||   719
       Punch             |     1 |     1 |     8 |     6 ||    16
 Fire: Hand crossbow     |     8 |    46 |   166 |   333 ||   553
Throw: Stone             |       |       |     4 |     1 ||     5
Invok: Heroism           |       |       |     3 |     9 ||    12
       Finesse           |       |       |       |     3 ||     3
  Use: Scroll            |       |       |       |    18 ||    18
       Potion            |       |       |       |    12 ||    12
 Stab: Sleeping          |    15 |    12 |     9 |     3 ||    39
       Distracted        |       |       |     1 |     1 ||     2
Armor: Leather armour    |    29 |    30 |    92 |       ||   151
       Steam dragon scal |       |       |     6 |    51 ||    57
Dodge: Dodged            |    85 |   132 |   383 |   417 ||  1017
